 Dungeon Crawl Stone Soup version 0.29.1-15-g9cfb28693d (webtiles) character file.

Game seed: 2290905741357147472

2683 raph the Tainter (level 9, 0/63 HPs)
             Began as a Demonspawn Venom Mage on Mar 26, 2023.
             Was a Follower of Vehumet.
             Slain by Erica
             ... wielding a +3 scimitar of flaming
              (12 damage)
             ... on level 8 of the Dungeon.
             The game lasted 00:11:40 (8616 turns).

raph the Tainter (Demonspawn Venom Mage)            Turns: 8616, Time: 00:11:40

Health: 0/63       AC: 13    Str: 10    XL:     9   Next: 37%
Magic:  17/18      EV: 13    Int: 20    God:    Vehumet [*.....]
Gold:   408        SH:  0    Dex: 16    Spells: 10/21 levels left

rFire   + . .      SeeInvis .   b - +9 arbalest of Bodily Harmony {elec, Dex+3}
rCold   . . .      Faith    .   (shield currently unavailable)
rNeg    . . .      Spirit   .   z - +0 steam dragon scales
rPois   .          Reflect  .   t - +1 helmet
rElec   .          Harm     .   h - +0 cloak
rCorr   .          Rampage  .   (no gloves)
Will    .....                   y - +0 pair of boots
Stlth   ++........              u - amulet of magic regeneration
HPRegen 0.20/turn               k - ring of protection from fire
MPRegen 0.56/turn               p - +4 ring of protection

@: no status effects
A: sturdy frame 1, condensation shield, weakness stinger 2
a: Renounce Religion


You were on level 8 of the Dungeon.
You worshipped Vehumet.
Vehumet was aware of your devotion.
You visited 2 branches of the dungeon, and saw 9 of its levels.

You collected 408 gold pieces.

Inventory:

Hand Weapons
 a - a +0 rapier
 b - the +9 arbalest of Bodily Harmony (weapon) {elec, Dex+3}
   (You found it on level 5 of the Dungeon)

   Any ammunition fired from it occasionally discharges a powerful burst of
   electricity upon striking a foe.
   Dex:       It affects your dexterity (+3).
 d - a +0 short sword
Missiles
 q - a throwing net
Armour
 h - a +0 cloak (worn)
 t - a +1 helmet (worn)
 w - a +0 robe
 y - a +0 pair of boots (worn)
 z - +0 steam dragon scales (worn)
Jewellery
 f - an amulet of guardian spirit
 k - a ring of protection from fire (left hand)
 o - a ring of fire
 p - a +4 ring of protection (right hand)
 s - an amulet of reflection
 u - an amulet of magic regeneration (around neck)
Potions
 c - a potion of resistance
 e - 2 potions of lignification
 g - 3 potions of curing
 i - a potion of attraction
 j - a potion of mutation {unknown}
 l - a potion of degeneration
 m - 2 potions of might
 n - 3 potions of berserk rage
 r - 3 potions of flight
 v - a potion of magic


   Skills:
 + Level 3.1 Fighting
 + Level 2.7 Ranged Weapons
 + Level 3.5 Dodging
 - Level 1.7 Stealth
 + Level 6.5 Spellcasting
 + Level 3.2 Conjurations
 - Level 0.8 Transmutations
 + Level 9.0 Poison Magic


You had 10 spell levels left.
You knew the following spells:

 Your Spells              Type           Power      Damage    Failure   Level
a - Sting                 Tmut/Pois      100%       1d8       1%          1
b - Poisonous Vapours     Pois/Air       48%        N/A       2%          2
c - Mephitic Cloud        Conj/Pois/Air  22%        N/A       5%          3
d - Olgreb's Toxic Radia  Pois           42%        N/A       2%          4
e - Slow                  Hex            24%        N/A       10%         1

Your spell library contained the following spells:

 Spells                   Type           Power      Damage    Failure   Level
 Magic Dart               Conj           76%        1d6       2%          1
 Confusing Touch          Hex            6%         N/A       30%         3
 Gell's Gravitas          Tloc           6%         N/A       30%         3
 Lesser Beckoning         Tloc           6%         N/A       30%         3
 Teleport Other           Tloc           6%         N/A       30%         3
 Vampiric Draining        Necr           6%         2d6       30%         3
 Dispersal                Tloc           3%         N/A       100%        6


Dungeon Overview and Level Annotations

Branches:
Dungeon (8/15)             Temple (1/1) D:4
   Lair: D:8-11

Altars:
Cheibriados
Dithmenos
Qazlal
Vehumet
Wu Jian

Shops:
D:6 (

Annotations:
D:8 Erica


Innate Abilities, Weirdness & Mutations

Your movements are slightly less encumbered by armour. (ER -2)
A meltable shield of frost defends you. (SH +0)
You have a tail ending in a sharp stinger.


Message History

Erica mumbles some strange words.
Erica flickers and vanishes!
Deactivating autopickup; reactivate with Ctrl-A.
The ice beast misses you. The ice beast closely misses you.
You hear some strange, mumbled words.
A bolt of poison appears from out of thin air!
The bolt of poison hits the ice beast!
The bolt of poison hits you!!
You are poisoned.
* * * LOW HITPOINT WARNING * * *
Fire: b) +9 arbalest of Bodily Harmony {elec, Dex+3}
Press: ? - help, Q - select action, (/) - cycle Shift-Dir - straight line, f/p - ice beast
Aim: an ice beast (severely wounded, 67% to hit)
You shoot a bolt. The bolt hits the ice beast!
Lightning courses through the ice beast!
You kill the ice beast!
Vehumet accepts your kill.
* * * LOW HITPOINT WARNING * * *
You feel very sick.
You feel much better.
You feel sick. Something hits you!
Your condensation shield dissipates!
Something burns you.
Casting: Olgreb's Toxic Radiance (dangerous; 2% risk of failure)
Confirm with . or Enter, or press ? or * to list all spells.
You begin to radiate toxic energy.
You feel sick. Something hits you!
* * * LOW HITPOINT WARNING * * *
Something burns you.
* * * LOW HITPOINT WARNING * * *
You feel better. Something barely misses you.
Fire: b) +9 arbalest of Bodily Harmony {elec, Dex+3}
Press: ? - help, Q - select action, (/) - cycle Shift-Dir - straight line You shoot a bolt.
Your toxic aura wanes.
Something hits you!
* * * LOW HITPOINT WARNING * * *
Something burns you.
* * * LOW HITPOINT WARNING * * *
Something hits you.
* * * LOW HITPOINT WARNING * * *
You feel better. Something hits you!
You die...

#........#
#........#
#........#
#........#
#........#
#........#
#........#
####)#####
#@# #+#


There were no monsters in sight!

Vanquished Creatures
  Pikel (D:8)
  A steam dragon (D:6)
  A water moccasin (D:6)
  A sky beast (D:6)
  2 ice beasts
  3 ogres
  A lemure (D:8)
  A bullfrog (D:7)
  2 necrophages
  3 scorpions
  15 killer bees (D:7)
  An orc priest (D:3)
  2 hounds (D:6)
  4 iguanas
  An orc wizard (D:4)
  Natasha (thrice) (D:2)
  6 adders
  2 shadow imps
  A white imp (D:6)
  2 worms
  3 dart slugs
  6 orcs
  9 endoplasms
  5 giant cockroaches
  3 goblins
  7 hobgoblins
  5 jackals (D:2)
  4 kobolds
  8 ball pythons
  5 bats
  A frilled lizard (D:1)
  6 rats
115 creatures vanquished.

Vanquished Creatures (others)
  An adder (D:3)
1 creature vanquished.

Grand Total: 116 creatures vanquished

Notes
Turn   | Place    | Note
-------+----------+-------------------------------------------
     0 | D:1      | raph the Demonspawn Venom Mage began the quest for the Orb.
     0 | D:1      | Reached XP level 1. HP: 13/13 MP: 3/3
   559 | D:1      | Gained mutation: Your movements are slightly less
                  | encumbered by armour. (ER -2) [demonic ancestry]
   559 | D:1      | Reached XP level 2. HP: 10/19 MP: 1/5
   991 | D:1      | Learned a level 2 spell: Poisonous Vapours
  1183 | D:1      | Reached skill level 4 in Poison Magic
  1678 | D:1      | Found a faded altar of an unknown god.
  1957 | D:2      | Noticed Natasha
  2107 | D:2      | Killed Natasha
  2108 | D:2      | Gained mutation: You have a small tail. [demonic ancestry]
  2108 | D:2      | Reached XP level 3. HP: 15/24 MP: 0/6
  2664 | D:2      | Learned a level 3 spell: Mephitic Cloud
  2696 | D:2      | Noticed Natasha
  2702 | D:2      | Reached XP level 4. HP: 30/30 MP: 2/7
  2880 | D:2      | Killed Natasha
  2881 | D:2      | Reached skill level 5 in Poison Magic
  3320 | D:2      | Noticed Natasha
  3334 | D:2      | Killed Natasha
  3438 | D:2      | Reached XP level 5. HP: 21/35 MP: 2/8
  4305 | D:3      | Found a radiant altar of Vehumet.
  4314 | D:3      | Became a worshipper of Vehumet
  4703 | D:3      | Reached skill level 6 in Poison Magic
  5826 | D:4      | Found a staircase to the Ecumenical Temple.
  6176 | Temple   | Entered the Ecumenical Temple
  6705 | D:4      | Found a shadowy altar of Dithmenos.
  6765 | D:4      | Found a snail-covered altar of Cheibriados.
  6772 | D:4      | Gained mutation: A meltable shield of frost defends you.
                  | (SH +0) [demonic ancestry]
  6772 | D:4      | Reached XP level 6. HP: 41/41 MP: 7/10
  6899 | D:4      | Found an ornate altar of the Wu Jian Council.
  7054 | D:5      | Entered Level 5 of the Dungeon
  7232 | D:5      | Learned a level 4 spell: Olgreb's Toxic Radiance
  7246 | D:5      | Identified the +9 arbalest of Bodily Harmony {elec, Dex+3}
  7282 | D:5      | Reached skill level 7 in Poison Magic
  7332 | D:5      | Found a stormy altar of Qazlal.
  7688 | D:6      | Reached XP level 7. HP: 46/46 MP: 11/13
  7843 | D:6      | Reached skill level 5 in Spellcasting
  7843 | D:6      | Found Wint's Antique Weapon Shoppe.
  7869 | D:6      | Noticed a steam dragon
  7873 | D:6      | Killed a steam dragon
  7874 | D:6      | Reached skill level 8 in Poison Magic
  7891 | D:6      | Reached * piety under Vehumet
  7891 | D:6      | Offered knowledge of Magic Dart by Vehumet.
  7892 | D:6      | Gained mutation: You have a tail ending in a sharp stinger.
                  | [demonic ancestry]
  7892 | D:6      | Reached XP level 8. HP: 52/52 MP: 16/16
  7894 | D:6      | Learned a level 1 spell: Slow
  8024 | D:6      | Reached skill level 1 in Fighting
  8178 | D:7      | Noticed a two-headed ogre
  8220 | D:7      | Reached skill level 1 in Ranged Weapons
  8220 | D:7      | Reached skill level 1 in Conjurations
  8460 | D:7      | Reached XP level 9. HP: 62/62 MP: 10/18
  8589 | D:7      | Noticed Pikel
  8602 | D:8      | Noticed Erica
  8609 | D:8      | Killed Pikel
  8610 | D:8      | Reached skill level 9 in Poison Magic
  8615 | D:8      | HP: 1/63 [something (3)]
  8616 | D:8      | Slain by Erica

Illustrated notes

Levels and vault maps discovered:
D:1:      matt_arrival_spirals, layout_basic, chequers_ecumenical_altar_grove,
          chequers_serial_rivers_small_a, hangedman_abyss_or_decor_lesser_grid,
          minmay_heptomino_l4
D:2:      layout_basic, uniq_natasha
D:3:      layout_basic, fiery_altar_vehumet, kennysheep_nub
D:4:      layout_rooms, mainiacjoe_overflow_concentric_impassable,
          pdpol_wu_jian_five_deadly_venoms, general_overflow_altar, temple_green
D:5:      layout_cave_pools, nicolae_elyvilon_peaceful_grove, lemuel_round_altar
D:6:      layout_rooms, nicolae_tso_swordbearing_angel, serial_shops,
          nicolae_lakefront_shop
D:7:      layout_cave_pools, uniq_pikel
D:8:      layout_basic, mainiacjoe_overflow_surrounded_room,
          mainiacjoe_overflow_brackets, lemuel_doored_altar, enter_bailey_2,
          uniq_erica, uniq_prince_ribbit1
Temple:   hellmonk_temple_beads

Skill      XL: |  1  2  3  4  5  6  7  8  9 |
---------------+----------------------------+-----
Poison Magic   | 4 5 6 7 8 9 |  9.0
Spellcasting   | 3 4 5 6 |  6.5
Fighting       | 2 3 |  3.1
Dodging        | 2 3 |  3.5
Ranged Weapons | 2 |  2.7
Conjurations   | 2 3 |  3.2
Stealth        | |  1.7
Transmutations | |  0.8

Action                   |  1- 3 |  4- 6 |  7- 9 || total
-------------------------+-------+-------+-------++-------
Melee: Short sword       |    37 |    62 |       ||    99
       Unarmed           |     1 |       |       ||     1
       Tailslap          |     1 |     6 |       ||     7
       Punch             |       |     1 |       ||     1
 Fire: Arbalest          |       |     8 |    55 ||    63
 Cast: Sting             |    41 |    45 |       ||    86
       Poisonous Vapours |    18 |    52 |     1 ||    71
       Mephitic Cloud    |       |     1 |     1 ||     2
       Olgreb's Toxic Ra |       |       |    14 ||    14
  Use: Scroll            |       |    14 |     4 ||    18
       Potion            |       |       |     3 ||     3
 Stab: Sleeping          |       |     2 |       ||     2
Armor: Robe              |    24 |    17 |       ||    41
       Steam dragon scal |       |       |    14 ||    14
Dodge: Dodged            |    60 |    61 |    32 ||   153
Block: Other             |       |       |    10 ||    10
